 Dungeon Crawl Stone Soup version 0.28-a0-861-ge64d6db94f (webtiles) character file.

Game seed: 9023048053758677221

1491 mcbry74 the Cleaver (level 8, -6/79 HPs)
             Began as a Hill Orc Fighter on Nov 15, 2021.
             Was an Initiate of Nemelex Xobeh.
             Killed from afar by a steam dragon (14 damage)
             ... with a ball of steam
             ... on level 6 of the Dungeon.
             The game lasted 00:16:05 (3972 turns).

mcbry74 the Cleaver (Hill Orc Fighter)              Turns: 3972, Time: 00:16:06

Health: -6/79      AC:  6    Str: 20    XL:     8   Next: 80%
Magic:  8/8        EV:  9    Int:  9    God:    Nemelex Xobeh [......]
Gold:   106        SH:  4    Dex: 10    Spells: 7/7 levels left

rFire   . . .      SeeInvis .   a - +0 war axe
rCold   . . .      Faith    .   c - +0 buckler
rNeg    . . .      Spirit   .   b - +0 scale mail
rPois   .          Reflect  .   (no helmet)
rElec   .          Harm     .   (no cloak)
rCorr   .          Rampage  .   (no gloves)
Will    .....                   (no boots)
Stlth   ..........              (no amulet)
HPRegen 0.23/turn               (no ring)
MPRegen 0.11/turn               (no ring)

@: no status effects
A: no striking features
a: Renounce Religion, Draw Escape, Draw Destruction, Draw Summoning


You were on level 6 of the Dungeon.
You worshipped Nemelex Xobeh.
Nemelex Xobeh was noncommittal.
You visited 1 branch of the dungeon, and saw 6 of its levels.

You collected 106 gold pieces.

Inventory:

Hand Weapons
 a - a +0 war axe (weapon)
Missiles
 n - 22 poisoned darts (quivered)
Armour
 b - a +0 scale mail (worn)
 c - a +0 buckler (worn)
Magical Staves
 q - a staff of conjuration
Jewellery
 s - a +6 ring of strength
Wands
 l - a wand of iceblast (17)
Scrolls
 e - 3 scrolls of identify {unknown}
 g - 4 scrolls of teleportation {unknown}
 h - a scroll of fear {unknown}
 i - a scroll of fog {unknown}
 m - a scroll of brand weapon {unknown}
 p - a scroll of silence {unknown}
Potions
 f - a potion of brilliance {unknown}
 j - a potion of ambrosia {unknown}
 k - 2 potions of curing {unknown}
 o - 2 potions of flight {unknown}
 r - a potion of mutation {unknown}


   Skills:
 + Level 9.7 Fighting
 + Level 10.2 Axes
 - Level 3.2 Armour
 - Level 3.2 Shields
 + Level 0.0 Invocations


You had 7 spell levels left.
You didn't know any spells.
Your spell library was empty.

Dungeon Overview and Level Annotations

Branches:
Dungeon (6/15)
 Temple: D:4-7

Altars:
Cheibriados
Elyvilon
Nemelex Xobeh


Message History

There is a sparkling altar of Nemelex Xobeh here.
The bush is engulfed in a cloud of scalding steam.
The steam dragon bites the bush.
The steam dragon claws the bush but does no damage.
The steam dragon bites the bush.
The steam dragon claws the bush but does no damage.
The steam dragon breathes steam at you.
The ball of steam hits the bush!
The ball of steam misses you.
The bush is engulfed in a cloud of scalding steam.
The bush is engulfed in a cloud of scalding steam. x2
The bush is engulfed in a cloud of scalding steam. x2
There is a stone staircase leading up here.
You climb upwards.
There is a stone staircase leading down here.
You start resting.
HP restored.
You climb downwards.
The steam dragon breathes steam at you. The ball of steam hits you!!
There is a stone staircase leading up here.
You slash the steam dragon!
The steam dragon is heavily wounded.
The steam dragon breathes steam at you. The ball of steam hits you!
You hit the steam dragon but do no damage.
The steam dragon is heavily wounded.
You are engulfed in a cloud of scalding steam.
The steam dragon breathes steam at you. The ball of steam hits you!!
You hit the steam dragon but do no damage.
The steam dragon is heavily wounded.
You are engulfed in a cloud of scalding steam.
* * * LOW HITPOINT WARNING * * *
The steam dragon bites you!
* * * LOW HITPOINT WARNING * * *
The steam dragon barely misses you. The steam dragon breathes steam at you.
The ball of steam hits you!
You die...
Your body disappears without a glow.

######....###.............#
#.....D..................##
##.P.PPPPP.P.#............###
#..P.......P.# ..............
#..P.P...P.P.###.####.....###
#..P.P._.P.P.....#.........#
#..P.P...P.P..###..#......(#
#..P.......P.##).....(.....#
#..P.PPPPP.P@§§...##.......#
#...........D<§########...##
#.........#..### #####
#####.....#..# #.....####
#######


You could see a steam dragon (catching breath).

Vanquished Creatures
  Pikel (D:5)
  A komodo dragon (D:5)
  An ice beast (D:5)
  An ogre (D:5)
  A centaur (D:6)
  A lemure (D:5)
  2 scorpions
  A centaur zombie (D:5)
  4 hounds
  A jelly (D:6)
  A bullfrog skeleton (D:5)
  A centaur skeleton (D:5)
  Natasha (D:3)
  A hound skeleton (D:4)
  A howler monkey zombie (D:6)
  7 gnolls
  An adder (D:3)
  A shadow imp (D:6)
  An adder zombie (D:5)
  A worm (D:6)
  2 dart slugs (D:1)
  2 orcs
  2 bats (D:1)
  3 endoplasms
  3 goblins
  6 hobgoblins
  A quokka (D:1)
  6 ball pythons
  3 frilled lizards
  5 kobolds
  2 rats
65 creatures vanquished.

Vanquished Creatures (others)
  7 plants (D:2)
7 creatures vanquished.

Grand Total: 72 creatures vanquished

Notes
Turn   | Place    | Note
-------+----------+-------------------------------------------
     0 | D:1      | mcbry74 the Hill Orc Fighter began the quest for the Orb.
     0 | D:1      | Reached XP level 1. HP: 19/19 MP: 1/1
   136 | D:1      | Reached skill level 3 in Axes
   179 | D:1      | Reached XP level 2. HP: 25/27 MP: 2/2
   364 | D:1      | Reached XP level 3. HP: 34/34 MP: 3/3
   725 | D:3      | Noticed Natasha
   727 | D:3      | Killed Natasha
   728 | D:3      | Reached skill level 4 in Axes
   735 | D:3      | Reached XP level 4. HP: 41/41 MP: 4/4
   965 | D:4      | Reached skill level 5 in Fighting
  1018 | D:4      | Noticed a scorpion
  1034 | D:4      | Killed a scorpion
  1035 | D:4      | Reached skill level 5 in Axes
  1035 | D:4      | Reached XP level 5. HP: 48/48 MP: 5/5
  1133 | D:5      | Entered Level 5 of the Dungeon
  1287 | D:5      | Noticed an ogre
  1314 | D:5      | Killed an ogre
  1315 | D:5      | Reached skill level 6 in Axes
  1315 | D:5      | Reached XP level 6. HP: 6/58 MP: 6/6
  1623 | D:5      | Found a white marble altar of Elyvilon.
  2112 | D:5      | Reached skill level 7 in Axes
  2268 | D:5      | Noticed Pikel
  2276 | D:5      | Killed Pikel
  2277 | D:5      | Reached skill level 8 in Axes
  2277 | D:5      | Reached XP level 7. HP: 31/69 MP: 7/7
  2277 | D:5      | Reached XP level 8. HP: 34/75 MP: 8/8
  2858 | D:5      | Reached skill level 9 in Axes
  3358 | D:6      | Found a snail-covered altar of Cheibriados.
  3422 | D:6      | Noticed a komodo dragon
  3437 | D:5      | Killed a komodo dragon
  3438 | D:5      | Reached skill level 10 in Axes
  3798 | D:6      | Found a sparkling altar of Nemelex Xobeh.
  3804 | D:6      | Became a worshipper of Nemelex Xobeh the Trickster
  3972 | D:6      | Killed from afar by a steam dragon

Illustrated notes

Levels and vault maps discovered:
D:1:      scummos_arrival_simple_crosswalls, layout_loops_ring,
          minmay_tetromino_i4
D:2:      layout_basic, basic_altar, ebering_ecumenical_altar_mist,
          serial_forest, infiniplex_forest_clump_medium,
          infiniplex_forest_straight_3, infiniplex_forest_clump_small,
          infiniplex_forest_join, infiniplex_forest_3_way,
          infiniplex_forest_straight_2, infiniplex_forest_end_3,
          infiniplex_forest_clump_medium, minmay_randomly_rotated_circles
D:3:      layout_loops_ring, lemuel_doored_altar,
          nicolae_overflow_hidden_temple, eat_drink_and_be_merry_uskayaw,
          vehumet_crystals, uniq_natasha
D:4:      layout_loops_ring, lemuel_temple_firewalk_a
D:5:      layout_loops_corners, kennysheep_mini, grunt_ministairs_13, uniq_pikel
D:6:      layout_rooms, slow_altar_2, mainiacjoe_overflow_cross_hatched,
          mainiacjoe_overflow_catwalk, gammafunk_ghost_arena,
          kennysheep_generic_room_8

Skill      XL: |  1  2  3  4  5  6  7  8 |
---------------+-------------------------+-----
Axes           | 3 4 5 6 8 10 | 10.2
Fighting       | 4 5 6 8 9 |  9.7
Armour         | |  3.2
Shields        | |  3.2

Action                   |  1- 3 |  4- 6 |  7- 9 || total
-------------------------+-------+-------+-------++-------
Melee: War axe           |    63 |    75 |    83 ||   221
Throw: Dart              |       |     7 |       ||     7
  Use: Potion            |       |     1 |     1 ||     2
Armor: Scale mail        |    22 |    30 |    33 ||    85
Dodge: Dodged            |    22 |    32 |    24 ||    78
Block: Buckler           |    15 |    14 |    18 ||    47

Table legend: (Time is in decaauts)
 A = Elapsed time spent in this place.
 B = Non-inter-level travel time spent in this place.
 C = Inter-level travel time spent in this place.
 D = Time resting spent in this place.
 E = Time spent auto-exploring this place.
 F = Levels seen in this place.
 G = Mean time per level.
                   A        B        C        D        E       F      G
               +--------+--------+--------+--------+--------+-----+--------+
         Total |   4015 |   4015 |      0 |   1426 |   1524 |   6 |  669.2 |
       Dungeon |   4015 |   4015 |      0 |   1426 |   1524 |   6 |  669.2 |
               +--------+--------+--------+--------+--------+-----+--------+

Top non-repeatable levels by time:
     D:5: 2505 daAuts
     D:1: 379 daAuts
     D:2: 309 daAuts
     D:6: 307 daAuts
     D:3: 274 daAuts
     D:4: 239 daAuts
